 Dungeon Crawl Stone Soup version 5.7-8-g3a8b389 (webtiles) character file.

8564 Sir the Transmogrifier (level 12, -7/99 HPs)
             Began as a Black Draconian Transmuter on Sept 2, 2018.
             Was an Elder of Sif Muna.
             Mangled by an ice devil (20 damage)
             ... on level 13 of the Dungeon.
             The game lasted 00:42:41 (12471 turns).

Sir the Transmogrifier (DrTm)                      Turns: 12471, Time: 00:42:42

Health: -7/99      AC:  8 (0%)Str: 13   XL:     12   Next: 76%
Magic:  16/16      EV: 18    Int: 23    God:    Sif Muna [4*[112]]
Gold:   386        SH:  0    Dex: 12    Spells: 10/24 levels left

rFire    . . .     SeeInvis .     - Unarmed
rCold    . . .     Faith    +   (shield currently unavailable)
rNeg     . . .     Spirit   .   (armour unavailable)
rPois    .         Reflect  .   (helmet restricted)
rElec    +                      (no cloak)
rCorr    .                      (gloves currently unavailable)
MR       .....                  (no boots)
Stlth    +++++.....             G - amulet of faith
Regen    0.7/turn               t - +6 ring of evasion
MPRegen  0.3/turn               x - +5 ring of intelligence

@: blade hands, flying, slowed, repel missiles, divine energy, very slow
A: breathe lightning, unfitting armour, big wings, claws 1, regeneration 1,
robust 2, electricity resistance, cold-blooded, AC +8
a: Breathe Lightning, Stop Flying, Stop Repelling Missiles, End Transformation,
Stop Divine Energy, Channel Magic, Forget Spell, Renounce Religion


You were on level 13 of the Dungeon.
You worshipped Sif Muna.
Sif Muna was greatly pleased with you.
You were not hungry.
You had blades for hands.
You visited 2 branches of the dungeon, and saw 14 of its levels.
You visited the bazaar 1 time.
You also visited: Sewer and Ossuary.

You collected 731 gold pieces.
You spent 345 gold pieces at shops.

Inventory:

Missiles
 k - 210 tomahawks (quivered)
 A - 7 frenzy darts
 E - 10 curare darts
Armour
 H - the +6 buckler of Good Intentions {MR+}
   (You found it on level 8 of the Dungeon)

   It affects your resistance to hostile enchantments.
Jewellery
 b - an uncursed ring of ice
 c - a +3 amulet of reflection
 e - an uncursed ring of wizardry
 j - an uncursed ring of protection from magic
 m - an uncursed ring of ice
 t - a +6 ring of evasion (left scythe-like blade)
 w - a +3 amulet of reflection
 x - a +5 ring of intelligence (right scythe-like blade)
 y - an uncursed amulet of regeneration
 D - a +3 amulet of reflection
 G - an amulet of faith (around neck)
 J - an uncursed ring of ice
Wands
 i - a wand of confusion (6)
 p - a wand of enslavement (5)
 C - a wand of flame (11)
 I - a wand of digging (4)
Scrolls
 a - 6 scrolls of teleportation
 d - 7 scrolls of enchant weapon
 f - 3 scrolls of enchant armour
 n - a scroll of holy word
 o - 3 scrolls of fear
 v - 3 scrolls of amnesia
 B - a scroll of acquirement
 F - a scroll of magic mapping
 M - a scroll of blinking
Potions
 g - 6 potions of heal wounds
 h - 3 potions of flight
 l - 2 potions of augmentation
 q - a potion of haste
 r - a potion of cancellation
 s - 2 potions of ambrosia
 u - 4 potions of lignification
 z - 3 potions of invisibility
 K - a potion of magic
 N - a potion of mutation


   Skills:
 - Level 1.1 Fighting
 - Level 1.7 Dodging
 + Level 9.2 Stealth
 + Level 10.8 Unarmed Combat
 + Level 11.2(12.8) Transmutations
 - Level 10.7(12.3) Air Magic
 + Level 10.0 Invocations


You had 10 spell levels left.
You knew the following spells:

 Your Spells              Type           Power        Failure   Level  Hunger
a - Beastly Appendage     Tmut           50 (50)      1%          1    N/A
b - Spider Form           Tmut           56 (200)     1%          3    N/A
c - Blade Hands           Tmut           56 (200)     2%          5    N/A
d - Repel Missiles        Chrm/Air       32 (100)     1%          2    N/A
e - Swiftness             Chrm/Air       32 (100)     1%          2    N/A
f - Summon Butterflies    Summ           7 (100)      9%          1    N/A

Your spell library contained the following spells:

 Spells                   Type           Power        Failure   Level  Hunger
 Magic Dart               Air            25 (25)      1%          1    N/A
 Apportation              Tloc           7 (1000)     9%          1    N/A
 Invisibility             Hex            7 (200)      100%        7    N/A
 Mephitic Cloud           Hex/Air        32 (100)     9%          4    N/A
 Summon Small Mammal      Summ           7 (25)       9%          1    N/A
 Summon Ice Beast         Ice/Summ       7 (100)      63%         4    N/A
 Tukima's Dance           Hex            7 (100)      24%         3    N/A
 Ice Form                 Ice/Tmut       33 (100)     9%          4    N/A
 Confusing Touch          Hex            7 (50)       9%          1    N/A
 Passwall                 Tmut/Erth      33 (200)     1%          2    N/A
 Call Canine Familiar     Summ           7 (100)      24%         3    N/A
 Static Discharge         Air            54 (100)     1%          3    N/A
 Alistair's Intoxication  Tmut           56 (100)     2%          5    N/A
 Lee's Rapid Deconstruct  Erth           7 (200)      92%         5    N/A
 Sandblast                Erth           7 (25)       9%          1    N/A
 Petrify                  Tmut/Erth      33 (100)     9%          4    N/A
 Summon Hydra             Summ           7 (200)      100%        7    N/A
 Fulminant Prism          Air            54 (200)     2%          5    N/A
 Force Lance              Tloc/Erth      7 (100)      24%         3    N/A
 Infusion                 Chrm           7 (25)       9%          1    N/A
 Summon Mana Viper        Hex/Summ       7 (100)      92%         5    N/A
 Lesser Beckoning         Tloc           7 (100)      24%         3    N/A

Dungeon Overview and Level Annotations

Branches:
Dungeon (13/15)            Bazaar (1/1) D:11

Altars:
Cheibriados
Dithmenos
Elyvilon
Gozag
Jiyva
Kikubaaqudgha
Lugonu
Makhleb
Nemelex Xobeh
Okawaru
Qazlal
Ru
Sif Muna
Trog
Uskayaw
Vehumet
Wu Jian
Xom
Yredelemnul
Zin
The Shining One

Shops:
Bazaar *[(!(}

Portals:
Ice
Cave: D:13

Annotations:
D:10 2 runed doors


Innate Abilities, Weirdness & Mutations

You can breathe wild blasts of lightning.
Your glossy black scales are hard. (AC +8)
Your body does not fit into most forms of armour.
You are resistant to electric shocks. (rElec)
You are cold-blooded and may be slowed by cold attacks.
Your large and strong wings let you fly indefinitely.
You have sharp fingernails.
Your natural rate of healing is unusually fast.
You are very robust. (+20% HP)


Message History

The ice devil hits you (13)! The ice devil freezes you (15)!
You slash the ice devil (12)!
You tail-slap the ice devil, but do no damage.
The ice devil is moderately wounded.
The ice devil completely misses you.
You shred the ice devil (37)!!!
You kill the ice devil!
The ice devil completely misses you.
You completely miss the ice devil. The ice devil hits you (10)!
The ice devil freezes you (20)!!
You feel yourself slow down. The ice devil closely misses you.
You feel yourself speed up.
There is an open door here.
The ice devil hits you (8)! The ice devil freezes you (19)!!
You feel yourself slow down.
* * * LOW HITPOINT WARNING * * *
The ice devil hits you (6).
* * * LOW HITPOINT WARNING * * *
The ice devil freezes you (20)!!
You die...

######## #.# #...#
.......###.# ##.##
#......# #.# #
#...#### ...
##.####....!.# .!...
#............##.....#
..#.........##..∩..#
#......4..########
###...@#### ###
#....#####..##.
###....#..$......
..........# #. #..
#>##..####.# #. #..#
#.. #.# #.###### #..#
#..####.# #.......
#..# ........#
#..##### ..#
##..####.# #.#.###


You could see an ice devil.

Vanquished Creatures
  A fire giant (D:12)
  2 hydras
  A two-headed ogre (D:11)
  2 orc high priests
  Nergalle (D:10)
  An unseen horror (D:11)
  3 ugly things
  A deep elf mage (D:11)
  2 cyclopes (D:12)
  A black mamba (D:11)
  Joseph (D:10)
  An ice statue (D:10)
  Psyche (D:8)
  A gargoyle (D:10)
  A rime drake (D:10)
  A redback zombie (D:13)
  An ice devil (D:13)
  3 trolls
  4 slime creatures (D:13)
  A meliai zombie (D:12)
  A black mamba zombie (D:10)
  A vampire (D:11)
  2 wyverns
  25 yaks
  2 steam dragons
  A spiny frog zombie (D:10)
  2 acid dragons (D:11)
  2 water moccasins
  Duvessa (D:6)
  4 orc warriors
  A black bear (D:11)
  A spiny frog skeleton (D:7)
  8 ice beasts
  A blink frog skeleton (D:11)
  7 ogres
  8 centaurs
  A bullfrog (D:7)
  A big kobold (Sewer)
  A wyvern zombie (D:12)
  Dowan (D:6)
  4 wyvern skeletons
  11 scorpions
  2 water moccasin skeletons (D:8)
  5 crimson imps
  20 killer bees
  7 wights
  4 centaur zombies
  2 centaur skeletons
  2 quasits
  2 human zombies (Ossuary)
  7 orc priests
  6 jellies
  Crazy Yiuf (D:4)
  2 gnoll shamans
  5 hounds
  6 orc wizards
  7 worker ants
  A killer bee zombie (D:4)
  3 iguanas
  2 big kobold zombies (Ossuary)
  A hound zombie (D:6)
  3 mummies (Ossuary)
  2 hound skeletons
  6 adders
  11 gnolls
  A scorpion zombie (Ossuary)
  A shadow imp (D:5)
  2 oozes (D:1)
  6 dart slugs
  40 orcs
  5 quokkas
  14 giant cockroaches
  3 gnoll zombies (Ossuary)
  10 goblins
  4 hobgoblins
  6 jackals
  11 kobolds
  11 bats
  6 frilled lizards
  2 goblin zombies (Ossuary)
  A hobgoblin zombie (Ossuary)
  2 kobold zombies (Ossuary)
  2 orc zombies (Ossuary)
  16 rats
  3 fungi (D:4)
369 creatures vanquished.

Vanquished Creatures (others)
  6 fungi (D:12)
  2 plants (D:12)
8 creatures vanquished.

Grand Total: 377 creatures vanquished

Notes
Turn   | Place    | Note
-------+----------+-------------------------------------------
     0 | D:1      | Sir the Draconian Transmuter began the quest for the Orb.
     0 | D:1      | Reached XP level 1. HP: 16/16 MP: 2/2
    45 | D:1      | Reached XP level 2. HP: 20/23 MP: 2/2
   198 | D:1      | Gained mutation: You are robust. (+10% HP) [potion of mutation]
   198 | D:1      | Gained mutation: Scrolls take you a little longer to read. [potion of mutation]
   198 | D:1      | Gained mutation: Your mind is acute. (Int +5) [potion of mutation]
   198 | D:1      | Gained mutation: You have sharp fingernails. [potion of mutation]
   328 | D:1      | Reached XP level 3. HP: 19/30 MP: 5/5
   642 | D:2      | Learned a level 3 spell: Spider Form
   657 | D:2      | Reached skill level 4 in Transmutations
   674 | D:2      | Found a white marble altar of Elyvilon.
   826 | D:2      | Reached XP level 4. HP: 38/38 MP: 4/4
  1069 | D:2      | Found a corrupted altar of Lugonu.
  1205 | D:2      | Found a faded altar of an unknown god.
  1283 | D:3      | Reached skill level 5 in Transmutations
  1283 | D:3      | Reached XP level 5. HP: 44/44 MP: 6/6
  1294 | D:3      | Found a sparkling altar of Nemelex Xobeh.
  1296 | D:3      | Learned a level 5 spell: Blade Hands
  1571 | D:3      | Found a glowing drain.
  1588 | Sewer    | Entered a sewer
  1664 | Sewer    | Reached XP level 6. HP: 38/51 MP: 3/3
  1686 | Sewer    | Found a white marble altar of Elyvilon.
  2024 | D:3      | Found a glowing silver altar of Zin.
  2078 | D:3      | Found an opulent altar of Gozag.
  2223 | D:3      | Found a snail-covered altar of Cheibriados.
  2343 | D:3      | Found an iron altar of Okawaru.
  2433 | D:3      | Gained mutation: You possess an exceptional clarity of mind. [mutagenic hatch]
  2442 | D:4      | Reached skill level 6 in Transmutations
  2713 | D:4      | Reached skill level 5 in Unarmed Combat
  2824 | D:4      | Found a runed door.
  2828 | D:4      | Noticed Crazy Yiuf
  2832 | D:4      | Killed Crazy Yiuf
  2887 | D:4      | Found a hide-covered altar of Uskayaw.
  3060 | D:4      | Your scales start taking on a glossy black colour.
  3060 | D:4      | Reached XP level 7. HP: 36/57 MP: 7/7
  3060 | D:4      | Gained mutation: You are resistant to electric shocks. (rElec) [Black Draconian growth]
  3141 | D:4      | Found a sacrificial altar of Ru.
  3141 | D:4      | Found a viscous altar of Jiyva.
  3142 | D:4      | Found a glowing golden altar of the Shining One.
  3147 | D:4      | Reached skill level 7 in Transmutations
  3322 | D:4      | Found a shadowy altar of Dithmenos.
  3566 | D:5      | Entered Level 5 of the Dungeon
  3691 | D:5      | Reached skill level 1 in Stealth
  3691 | D:5      | Reached skill level 1 in Invocations
  3743 | D:5      | Found a stormy altar of Qazlal.
  3783 | D:5      | Reached skill level 8 in Transmutations
  3783 | D:5      | Reached XP level 8. HP: 44/64 MP: 10/10
  3854 | D:5      | Found a sand-covered staircase.
  3862 | Ossuary  | Entered an ossuary
  4113 | Ossuary  | Reached skill level 9 in Transmutations
  4574 | D:5      | Reached XP level 9. HP: 70/70 MP: 12/12
  4585 | D:5      | Found a burning altar of Makhleb.
  4961 | D:5      | Gained mutation: Your natural rate of healing is unusually fast. [mutagenic hatch]
  4983 | D:6      | Found an iron altar of Okawaru.
  5029 | D:6      | Found a bloodstained altar of Trog.
  5058 | D:6      | Noticed Duvessa
  5058 | D:6      | Noticed Dowan
  5071 | D:6      | Killed Duvessa
  5077 | D:6      | Killed Dowan
  5109 | D:6      | Found an ancient bone altar of Kikubaaqudgha.
  5112 | D:6      | Found a shimmering altar of Xom.
  5145 | D:6      | Lost mutation: Scrolls take you a little longer to read. [potion of mutation]
  5145 | D:6      | Lost mutation: Your mind is acute. (Int +5) [potion of mutation]
  5145 | D:6      | Lost mutation: You are robust. (+10% HP) [potion of mutation]
  5145 | D:6      | Lost mutation: You possess an exceptional clarity of mind. [potion of mutation]
  5145 | D:6      | Gained mutation: You are robust. (+10% HP) [potion of mutation]
  5145 | D:6      | Gained mutation: You are very robust. (+20% HP) [potion of mutation]
  5145 | D:6      | Gained mutation: Your large and strong wings let you fly indefinitely. [potion of mutation]
  5179 | D:6      | Found a basalt altar of Yredelemnul.
  5246 | D:6      | Found a radiant altar of Vehumet.
  5361 | D:6      | Found a deep blue altar of Sif Muna.
  5404 | D:6      | Became a worshipper of Sif Muna the Loreminder
  5608 | D:7      | Found an ornate altar of the Wu Jian Council.
  5653 | D:7      | Reached skill level 10 in Transmutations
  5797 | D:7      | Found a stormy altar of Qazlal.
  5818 | D:7      | Reached skill level 5 in Invocations
  6063 | D:8      | Reached skill level 5 in Stealth
  6087 | D:8      | Reached skill level 1 in Air Magic
  6121 | D:8      | Reached XP level 10. HP: 78/85 MP: 14/14
  6147 | D:8      | Noticed Psyche
  6161 | D:8      | Killed Psyche
  6213 | D:8      | Got the +6 buckler of Good Intentions {MR+}
  6479 | D:8      | Reached * piety under Sif Muna
  6691 | D:9      | Learned a level 2 spell: Repel Missiles
  6825 | D:9      | Reached skill level 5 in Air Magic
  7277 | D:9      | Learned a level 2 spell: Swiftness
  7391 | D:10     | Entered Level 10 of the Dungeon
  7402 | D:10     | Found a runed door.
  7451 | D:10     | Reached XP level 11. HP: 29/92 MP: 13/13
  7653 | D:10     | Noticed Joseph
  7678 | D:10     | Killed Joseph
  7819 | D:10     | Reached ** piety under Sif Muna
  7960 | D:10     | Learned a level 1 spell: Summon Butterflies
  7975 | D:10     | Noticed Nergalle
  7995 | D:10     | Killed Nergalle
  8150 | D:10     | Found a runed door.
  8244 | D:10     | Found a runed door.
  8256 | D:10     | Found a runed door.
  8640 | D:11     | Noticed a two-headed ogre
  8644 | D:11     | Killed a two-headed ogre
  8720 | D:11     | Reached skill level 10 in Air Magic
  8959 | D:11     | Noticed a deep elf mage
  8969 | D:11     | Killed a deep elf mage
  9037 | D:11     | Noticed an unseen horror
  9048 | D:11     | Killed an unseen horror
  9048 | D:11     | Reached XP level 12. HP: 76/99 MP: 16/16
  9229 | D:11     | Found a gateway to a bazaar.
  9373 | D:11     | Noticed an orc high priest
  9407 | D:11     | Killed an orc high priest
  9590 | D:12     | Found a gateway to a bazaar.
  9599 | D:12     | Reached skill level 10 in Unarmed Combat
  9600 | D:12     | Reached *** piety under Sif Muna
  9607 | Bazaar   | Entered a bazaar
  9607 | Bazaar   | Found Pishruoll's Antique Armour Emporium.
  9607 | Bazaar   | Found Otzoi's General Store.
  9700 | Bazaar   | Found Lulic's Antique Weapon Boutique.
  9706 | Bazaar   | Found Uduassat's Weapon Emporium.
  9711 | Bazaar   | Found Hutuh's Gadget Shoppe.
  9734 | Bazaar   | Found Yliemebesk's Distillery.
  9742 | Bazaar   | Bought a potion of heal wounds for 85 gold pieces
  9742 | Bazaar   | Bought a potion of heal wounds for 85 gold pieces
  9742 | Bazaar   | Bought a potion of heal wounds for 85 gold pieces
  9758 | Bazaar   | Bought a potion of heal wounds for 90 gold pieces
 10116 | D:12     | Reached **** piety under Sif Muna
 10154 | D:12     | Noticed an orc high priest
 10166 | D:12     | Killed an orc high priest
 10178 | D:12     | Noticed a fire giant
 10368 | D:12     | Noticed a nine-headed hydra
 10956 | D:12     | Killed a fire giant
 11852 | D:12     | Killed a nine-headed hydra
 12080 | D:13     | Reached skill level 11 in Transmutations
 12218 | D:13     | Found a shadowy altar of Dithmenos.
 12233 | D:13     | Noticed a five-headed hydra
 12243 | D:13     | Killed a five-headed hydra
 12243 | D:13     | Reached skill level 10 in Invocations
 12446 | D:13     | Found a frozen archway.
 12471 | D:13     | Mangled by an ice devil

Skill      XL: |  1  2  3  4  5  6  7  8  9 10 11 12 |
---------------+-------------------------------------+-----
Transmutations | 4 5 6 8 9 10 11 | 11.2
Unarmed Combat | 4 5 6 7 8 9 10 | 10.8
Stealth        | 1 3 5 6 8 9 |  9.2
Invocations    | 1 3 5 6 8 10 | 10.0
Air Magic      | 1 7 10 | 10.7
Fighting       | |  1.1
Dodging        | |  1.7

Action                   |  1- 3 |  4- 6 |  7- 9 | 10-12 || total
-------------------------+-------+-------+-------+-------++-------
Melee: Unarmed           |    85 |   174 |   250 |   462 ||   971
       Kick              |    14 |       |       |       ||    14
       Tailslap          |     6 |     6 |    18 |    43 ||    73
       Punch             |     1 |     1 |     6 |    13 ||    21
 Cast: Beastly Appendage |     1 |       |       |       ||     1
       Spider Form       |     1 |     1 |       |       ||     2
       Blade Hands       |       |     1 |       |       ||     1
       Swiftness         |       |       |       |     3 ||     3
       Repel Missiles    |       |       |       |     1 ||     1
       Summon Butterflie |       |       |       |    21 ||    21
Invok: Divine Energy     |       |       |       |     1 ||     1
 Abil: End Transformatio |       |     2 |       |       ||     2
       Breathe Lightning |       |       |     6 |    18 ||    24
       Fly               |       |       |     1 |       ||     1
Evoke: Wand              |       |     7 |       |    14 ||    21
  Use: Potion            |     1 |     1 |     1 |     6 ||     9
       Scroll            |       |       |       |     2 ||     2
 Stab: Sleeping          |     2 |     4 |     6 |    12 ||    24
Armor: Skin              |    15 |    45 |    50 |    89 ||   199
Dodge: Dodged            |    47 |   128 |   175 |   434 ||   784
       Deflected         |       |       |       |     3 ||     3
Block: Other             |       |    21 |    16 |       ||    37
